 Dungeon Crawl Stone Soup version 0.23-a0-167-gf92cf62f8f (webtiles) character file.

33027 PikkenKukken the Slicer (level 13, -8/109 HPs)
             Began as a Demonspawn Fighter on Sept 11, 2018.
             Was a Believer of Uskayaw.
             Mangled by a komodo dragon (14 damage)
             ... on level 6 of the Lair of Beasts.
             The game lasted 00:35:15 (19578 turns).

PikkenKukken the Slicer (Demonspawn Fighter)       Turns: 19578, Time: 00:35:16

Health: -8/109     AC:  1    Str: 21    XL:     13   Next: 34%
Magic:  0/20       EV: 12    Int: 11    God:    Uskayaw [**....]
Gold:   2114       SH: 17    Dex: 15    Spells: 12/12 levels left

rFire    + + .     SeeInvis .   o - +3 dagger (speed)
rCold    . . .     Gourm    .   B - +0 large shield
rNeg     . . .     Faith    .   d - +2 leather armour "Roacs" {rPois rF+ Regen+ Str+3}
rPois    +         Spirit   +   m - +0 helmet
rElec    .         Reflect  .   (no cloak)
rCorr    .         Harm     .   (gloves unavailable)
MR       .....                  (no boots)
Stlth    +.........             (no amulet)
HPRegen  0.68/turn              j - ring of protection from fire
MPRegen  0.17/turn              u - +4 ring of slaying

@: corroded
A: claws 3, rugged brown scales 2, foul stench 1, magic shield, rot immunity
a: Stomp, Line Pass, Renounce Religion


You were on level 6 of the Lair of Beasts.
You worshipped Uskayaw.
Uskayaw was aware of your devotion.
You were not hungry.

You visited 4 branches of the dungeon, and saw 19 of its levels.

You collected 2114 gold pieces.

Inventory:

Hand Weapons
 a - a +0 rapier
 o - a +3 dagger of speed (weapon)
Armour
 c - a +1 shield
 d - the +2 leather armour "Roacs" (worn) {rPois rF+ Regen+ Str+3}
   (You found it on level 4 of the Dungeon)

   It affects your strength (+3).
   It protects you from fire.
   It protects you from poison.
   It increases your rate of regeneration.
 m - a +0 helmet (worn)
 B - a +0 large shield (worn)
 G - the +1 ring mail of Dramatic Exits {Dex+5}
   (You found it on level 5 of the Lair of Beasts)

   It affects your dexterity (+5).
Jewellery
 j - a ring of protection from fire (left claw)
 u - a +4 ring of slaying (right claw)
 y - an uncursed ring of positive energy
 z - an uncursed ring of positive energy
Wands
 q - a wand of paralysis (13)
 w - a wand of polymorph (15)
 F - a wand of scattershot (4)
Scrolls
 b - 2 scrolls of magic mapping
 h - 2 scrolls of teleportation
 i - 11 scrolls of identify
 l - 3 scrolls of enchant armour
 t - 7 scrolls of remove curse
 x - 4 scrolls of enchant weapon
 A - 3 scrolls of fog
Potions
 e - 2 potions of haste
 g - a potion of berserk rage
 k - 5 potions of curing
 n - 2 potions of brilliance
 p - a potion of lignification
 s - a potion of magic
 v - a potion of cancellation
 D - 4 potions of flight
 E - a potion of might
Comestibles
 f - 36 rations
 r - 5 chunks of flesh


   Skills:
 + Level 10.4 Fighting
 * Level 12.7 Short Blades
 + Level 5.9 Armour
 + Level 6.0 Dodging
 + Level 9.6 Shields
 + Level 10.6 Invocations


You had 12 spell levels left.
You didn't know any spells.
Your spell library contained the following spells:

 Spells                   Type           Power        Failure   Level  Hunger
 Sandblast                Erth           #.....       96%         1    ##.....
 Passwall                 Tmut/Erth      #.......     99%         2    ###....
 Recall                   Summ/Tloc      N/A          100%        3    ####...
 Stone Arrow              Conj/Erth      #.....       100%        3    ####...
 Animate Dead             Necr           N/A          100%        4    #####..
 Petrify                  Tmut/Erth      #.......     100%        4    #####..
 Borgnjor's Vile Clutch   Necr/Erth      #.........   100%        5    ######.
 Lee's Rapid Deconstruct  Erth           #.........   100%        5    ######.
 Death Channel            Necr           #.........   100%        6    #######
 Simulacrum               Ice/Necr       #.........   100%        6    #######


Dungeon Overview and Level Annotations

Branches:
Dungeon (10/15)            Temple (1/1) D:4            Lair (6/6) D:10
 Shoals (0/4) Lair:4        Snake (0/4) Lair:2        Slime (0/5) Lair:6
    Orc (2/2) D:10            Elf (0/3) Orc:2

Altars:
Elyvilon
Fedhas
Gozag
Kikubaaqudgha
Makhleb
Nemelex Xobeh
Qazlal
Ru
Uskayaw
Vehumet
Wu Jian
Xom
Yredelemnul
Zin
The Shining One

Annotations:
D:5 1 runed door, loom's ghost, novice OgSk


Innate Abilities, Weirdness & Mutations

You have claws for hands.
You are mostly covered in rugged brown scales. (AC +2, +5% HP)
You may emit foul miasma when damaged in melee.
When hurt, damage is shared between your health and your magic reserves.
You are immune to rotting.


Message History

The komodo dragon bites you!
* * * LOW HITPOINT WARNING * * *
You emit a cloud of foul miasma!
The rime drake bites the plant but does no damage.
You hit the komodo dragon but do no damage.
The komodo dragon is moderately wounded.
You hit the komodo dragon but do no damage.
The komodo dragon is moderately wounded.
The komodo dragon is engulfed in dark miasma.
The komodo dragon is poisoned.
The komodo dragon bites you!
* * * LOW HITPOINT WARNING * * *
The rime drake bites the plant.
Your shield prevents you from hitting the komodo dragon.
The komodo dragon is heavily wounded.
You hit the komodo dragon.
The komodo dragon is severely wounded.
The rime drake bites the plant but does no damage.
The komodo dragon is engulfed in dark miasma.
The komodo dragon looks even sicker.
The komodo dragon bites you!
You die...

#...........................
#........P..................
#P.##...PP.#.#..............
##**################........
♣P......P. ♣♣♣♣♣♣♣♣♣♣≈..÷.....
♣♣♣♣P♣.♣..♣♣≈≈........
*♣..kl(.≈≈≈≈≈..........
**♣..)♣♣@≈≈≈♣≈..P........
*♣..♣.P♣.≈≈♣♣♣♣♣♣.........
*♣....P.≈≈♣♣.P♣**♣#........
*.,.≈)≈≈≈♣**.....*#.^......
**..≈≈≈≈≈≈*,*♣♣..♣♣##.......
***,P≈≈♣♣♣.≈≈,,,,♣.♣ #.......
*,,,≈≈♣**♣♣,≈≈,,,*♣♣ #.......
**,≈,,***,***,≈≈≈≈,,** #.......
*≈≈≈≈**,,,,,***≈**≈,,**#.......


You could see a komodo dragon and a rime drake.

Vanquished Creatures
  A vault guard (D:10)
  A hydra (Lair:4)
  A two-headed ogre (Orc:2)
  2 death yaks (Lair:5)
  Urug (Lair:6)
  An orc knight (Orc:2)
  Pikel (D:4)
  An orc sorcerer (Orc:2)
  3 elephants (Lair:5)
  4 black mambas
  A torpor snail (Lair:5)
  8 spiny frogs
  2 rime drakes (Lair:6)
  4 komodo dragons
  A polar bear (Lair:5)
  6 trolls
  4 blink frogs
  Grinder (D:5)
  5 dream sheep (Lair:4)
  3 hippogriffs
  31 yaks
  Sigmund (D:7)
  A neqoxec (Orc:2)
  Eustachio (D:4)
  A human (D:7)
  2 basilisks
  4 hogs (D:7)
  3 hungry ghosts
  Edmund (D:4)
  An acid dragon (Lair:6)
  13 water moccasins
  8 porcupines
  2 black bears
  A phantom (D:4)
  4 sky beasts
  15 orc warriors
  3 ice beasts
  A swamp drake (Lair:6)
  2 necrophages
  14 ogres
  15 wolves
  7 centaurs
  11 crocodiles
  A big kobold (D:8)
  Blork the orc (D:4)
  13 bullfrogs
  A water moccasin zombie (D:5)
  2 wyvern zombies
  A wyvern skeleton (D:8)
  2 scorpions
  3 crimson imps
  A centaur zombie (D:7)
  10 orc priests
  4 hounds
  A bullfrog skeleton (D:10)
  A quasit (D:9)
  3 jellies
  13 orc wizards
  3 iguanas
  8 worker ants
  2 hound zombies
  A hound skeleton (D:4)
  4 gnolls (D:2)
  14 adders
  4 shadow imps
  2 oozes (D:5)
  4 adder skeletons
  4 worms
  2 dart slugs (D:1)
  5 leopard geckos
  53 orcs
  10 bats
  9 giant cockroaches
  6 goblins
  3 hobgoblins
  10 jackals
  4 quokkas
  4 ball pythons
  A frilled lizard (D:1)
  2 jackal skeletons
  11 kobolds
  A leopard gecko skeleton (D:5)
  A quokka skeleton (D:6)
  7 rats
425 creatures vanquished.

Vanquished Creatures (others)
  A slave (D:4)
  A crimson imp (D:8)
  An adder (D:4)
  An orc (D:10)
  A quokka (D:4)
  4 fungi
  3 plants
  2 withered plants (D:5)
14 creatures vanquished.

Grand Total: 439 creatures vanquished

Notes
Turn   | Place    | Note
-------+----------+-------------------------------------------
     0 | D:1      | PikkenKukken the Demonspawn Fighter began the quest for the
                  | Orb.
     0 | D:1      | Reached XP level 1. HP: 18/18 MP: 1/1
   180 | D:1      | Reached skill level 2 in Short Blades
   194 | D:1      | Gained mutation: You have sharp fingernails. [demonic
                  | ancestry]
   194 | D:1      | Reached XP level 2. HP: 24/24 MP: 2/2
   604 | D:1      | Gained mutation: You are partially covered in rugged brown
                  | scales. (AC +1, +3% HP) [demonic ancestry]
   604 | D:1      | Reached XP level 3. HP: 24/29 MP: 3/3
  1047 | D:2      | Gained mutation: You are immune to rotting. [demonic
                  | ancestry]
  1047 | D:2      | Reached XP level 4. HP: 21/36 MP: 4/4
  1054 | D:2      | Reached skill level 3 in Short Blades
  2494 | D:4      | Noticed Edmund
  2543 | D:4      | Killed Edmund
  2543 | D:4      | Gained mutation: You have very sharp fingernails. [demonic
                  | ancestry]
  2543 | D:4      | Reached XP level 5. HP: 8/43 MP: 5/5
  2819 | D:4      | Got a warped leather armour
  2830 | D:4      | Identified the +2 leather armour "Roacs" {rPois rF+ Regen+
                  | Str+3} (You found it on level 4 of the Dungeon)
  2939 | D:4      | Noticed Eustachio
  2964 | D:4      | Killed Eustachio
  2964 | D:4      | Reached skill level 4 in Short Blades
  2964 | D:4      | Gained mutation: You are mostly covered in rugged brown
                  | scales. (AC +2, +5% HP) [demonic ancestry]
  2964 | D:4      | Reached XP level 6. HP: 19/50 MP: 6/6
  3088 | D:4      | Noticed Blork the orc
  3109 | D:4      | Killed Blork the orc
  3109 | D:4      | Reached skill level 1 in Dodging
  3192 | D:4      | Found a staircase to the Ecumenical Temple.
  3198 | Temple   | Entered the Ecumenical Temple
  3268 | Temple   | Became a worshipper of Uskayaw the Reveler
  3358 | D:4      | Reached * piety under Uskayaw
  3363 | D:4      | Reached ** piety under Uskayaw
  3368 | D:4      | Gained mutation: You may emit foul miasma when damaged in
                  | melee. [demonic ancestry]
  3368 | D:4      | Reached XP level 7. HP: 20/57 MP: 7/7
  3435 | D:4      | Found a glowing silver altar of Zin.
  3636 | D:4      | Noticed Pikel
  3671 | D:4      | Killed Pikel
  3671 | D:4      | Reached skill level 5 in Short Blades
  3744 | D:4      | Reached skill level 5 in Fighting
  3744 | D:4      | Gained mutation: When hurt, damage is shared between your
                  | health and your magic reserves. [demonic ancestry]
  3744 | D:4      | Reached XP level 8. HP: 55/65 MP: 8/8
  4035 | D:5      | Entered Level 5 of the Dungeon
  4184 | D:5      | Found a white marble altar of Elyvilon.
  4184 | D:5      | Found a sparkling altar of Nemelex Xobeh.
  4185 | D:5      | Found an opulent altar of Gozag.
  4209 | D:5      | Reached *** piety under Uskayaw
  4274 | D:5      | Noticed loom's ghost (novice OgSk)
  4275 | D:5      | Found a runed door.
  4408 | D:5      | Noticed Sigmund
  4417 | D:5      | Noticed Grinder
  4449 | D:5      | Reached **** piety under Uskayaw
  4450 | D:5      | Killed Grinder
  4459 | D:5      | HP: 3/65 [something (11)]
  4459 | D:5      | Reached ***** piety under Uskayaw
  4665 | D:5      | Reached skill level 6 in Short Blades
  4769 | D:5      | Reached skill level 5 in Shields
  4812 | D:5      | Reached skill level 5 in Armour
  4936 | D:5      | Got a brightly glowing falchion
  4959 | D:5      | Reached XP level 9. HP: 66/72 MP: 9/9
  5087 | D:5      | Identified the +1 falchion of Fortitude {flame, +Blink
                  | Str+5 Int+4 Dex-3} (You found it on level 5 of the Dungeon)
  5393 | D:5      | Reached skill level 7 in Short Blades
  5655 | D:6      | Found an ancient bone altar of Kikubaaqudgha.
  6341 | D:7      | Killed Sigmund
  6400 | D:7      | Found a sacrificial altar of Ru.
  6720 | D:7      | Reached skill level 1 in Invocations
  7144 | D:7      | Reached skill level 8 in Short Blades
  7167 | D:7      | Reached XP level 10. HP: 67/80 MP: 8/12
  7476 | D:7      | You fall through a shaft for 3 floors!
  7476 | D:10     | Entered Level 10 of the Dungeon
  7702 | D:9      | Reached skill level 5 in Dodging
  8111 | D:9      | Reached skill level 9 in Short Blades
  8538 | D:9      | Reached skill level 5 in Invocations
  8974 | D:7      | You fall through a shaft!
  9476 | D:8      | Found a stormy altar of Qazlal.
  9744 | D:8      | Noticed a fire giant
  9870 | D:9      | Found a blossoming altar of Fedhas.
  9974 | D:9      | Found a glowing golden altar of the Shining One.
  9979 | D:9      | Found a basalt altar of Yredelemnul.
  9981 | D:9      | Noticed a profane servitor
 10336 | D:9      | Noticed an angel
 10426 | D:10     | Noticed a vault guard
 10446 | D:10     | Killed a vault guard
 10446 | D:10     | Reached XP level 11. HP: 90/90 MP: 15/15
 10487 | D:10     | Found a portal to a secret trove of treasure.
 10648 | D:10     | Found a staircase to the Lair.
 10888 | D:10     | Reached skill level 10 in Short Blades
 11072 | D:10     | Found a staircase to the Orcish Mines.
 11316 | Lair:1   | Entered Level 1 of the Lair of Beasts
 12405 | Lair:2   | Found a staircase to the Snake Pit.
 13621 | Lair:3   | Reached skill level 11 in Short Blades
 14335 | Lair:3   | Reached XP level 12. HP: 75/99 MP: 14/18
 14764 | Lair:4   | Reached ****** piety under Uskayaw
 14917 | Lair:4   | Noticed a six-headed hydra
 14934 | Lair:4   | Killed a six-headed hydra
 15045 | Lair:4   | Found a staircase to the Shoals.
 15435 | Lair:5   | Reached skill level 12 in Short Blades
 15707 | Lair:5   | Noticed a death yak
 15761 | Lair:5   | Killed a death yak
 15779 | Lair:5   | Noticed a death yak
 15816 | Lair:5   | Killed a death yak
 15816 | Lair:5   | Reached skill level 10 in Fighting
 15869 | Lair:5   | Reached skill level 10 in Invocations
 16024 | Lair:5   | Got an ancient ring mail
 16035 | Lair:5   | Identified the +1 ring mail of Dramatic Exits {Dex+5} (You
                  | found it on level 5 of the Lair of Beasts)
 16861 | Orc:1    | Entered Level 1 of the Orcish Mines
 17045 | Orc:1    | Gained mutation: You have claws for hands. [demonic
                  | ancestry]
 17045 | Orc:1    | Reached XP level 13. HP: 80/108 MP: 14/20
 17417 | Orc:2    | Entered Level 2 of the Orcish Mines
 17537 | Orc:2    | Found a staircase to the Elven Halls.
 17629 | Orc:2    | HP: 4/108 [orc warrior/halberd (7)]
 18571 | Orc:2    | Paralysed by an orc sorcerer for 2 turns
 18928 | Lair:6   | Entered Level 6 of the Lair of Beasts
 18928 | Lair:6   | Noticed Urug
 18945 | Lair:6   | Killed Urug
 19578 | Lair:6   | Mangled by a komodo dragon

Vault maps used:
D:1:      doesnt_arrival_eight_statues, hex_large
D:2:      first_ration, minmay_door_square
D:4:      nicolae_overflow_hidden_temple, minmay_temple_entry_fiery, uniq_pikel,
          uniq_edmund, uniq_eustachio, uniq_blork_the_orc
D:5:      kennysheep_windowed_halls, gammafunk_temple_overflow_claw,
          gammafunk_ghost_grave, grunt_ministairs_14, supply_closet_lemuel,
          uniq_grinder, uniq_sigmund
D:6:      basic_altar, hangedman_minor_gate_pass
D:7:      nicolae_ru_awakened_eye, grunt_livestock, kennysheep_generic_room_5
D:8:      grunt_qazlal_clouds, grunt_ministairs_11, minmay_evil_grid
D:9:      old_standard_altar, grunt_temple_overflow_holy_war
D:10:     grunt_lair_entry_orc_guard_hut, hiddenorc1_lemuel, enter_trove_5,
          lemuel_flamethrower_2
Temple:   nicolae_temple_figure_eight
Lair:1:   infiniplex_staircase_pool, lemuel_fruit_fields
Lair:2:   minmay_snake_entry_six_corridors
Lair:4:   shoals_dummy_entry
Lair:6:   hangedman_lair_in_review, guppyfry_lair_end_dragon,
          dpeg_slime_entry_enclosed_altar, serial_bayou_pond_a,
          lemuel_fruit_tree, uniq_urug
Orc:2:    pf_orc_diabolical

Skill      XL: |  1  2  3  4  5  6  7  8  9 10 11 12 13 |
---------------+----------------------------------------+-----
Short Blades   | 2 3 4 5 6 8 9 11 12 | 12.7
Armour         | 3 4 5 |  5.9
Shields        | 3 4 5 6 7 8 9 |  9.6
Fighting       | 4 5 6 7 9 10 | 10.4
Dodging        | 1 2 3 4 5 6 |  6.0
Invocations    | 2 6 8 10 | 10.6

Action                   |  1- 3 |  4- 6 |  7- 9 | 10-12 | 13-15 || total
-------------------------+-------+-------+-------+-------+-------++-------
Melee: Rapier            |   110 |       |       |       |       ||   110
       Dagger            |    24 |   193 |   710 |  1529 |   468 ||  2924
Invok: Line Pass         |       |       |       |     1 |       ||     1
Evoke: Wand              |       |       |       |       |     9 ||     9
  Use: Scroll            |     7 |     4 |     7 |    12 |     2 ||    32
       Potion            |     1 |     1 |       |     1 |     1 ||     4
 Stab: Paralysed         |       |       |    14 |    65 |    10 ||    89
       Distracted        |       |       |     1 |       |       ||     1
       Sleeping          |       |       |     1 |       |       ||     1
       Confused          |       |       |       |     2 |       ||     2
  Eat: Chunk             |     1 |     3 |    10 |    26 |     3 ||    43
       Ration            |       |     1 |     2 |     3 |     1 ||     7
Armor: Scale mail        |    54 |       |       |       |       ||    54
       Chain mail        |    33 |    33 |       |       |       ||    66
       Leather armour    |       |    11 |    86 |   100 |    42 ||   239
Dodge: Dodged            |    33 |    18 |   123 |   227 |    75 ||   476
Block: Shield            |    77 |    56 |   213 |   126 |       ||   472
       Large shield      |       |       |       |   456 |   210 ||   666

Table legend:
 A = Non-vault XP
 B = Vault XP
 C = Vault XP percentage of total XP
 D = Non-vault monster count
 E = Vault monster count
 F = Vault count percentage of total count
                 A         B        C        D         E       F
            +---------+---------+-------+---------+---------+-------
      Total |   36070 |   11112 |  23.6 |     325 |     100 |  23.5
            +---------+---------+-------+---------+---------+-------
        D:1 |      43 |       0 |   0.0 |      25 |       0 |   0.0
        D:2 |     115 |       0 |   0.0 |      22 |       0 |   0.0
        D:3 |      34 |       0 |   0.0 |      15 |       0 |   0.0
        D:4 |     190 |    1077 |  85.0 |       4 |       4 |  50.0
        D:5 |     607 |    1258 |  67.5 |      22 |      19 |  46.3
        D:6 |     265 |     288 |  52.1 |       9 |       6 |  40.0
        D:7 |     852 |    1363 |  61.5 |      18 |       8 |  30.8
        D:8 |     888 |     195 |  18.0 |      16 |       9 |  36.0
        D:9 |    2868 |       0 |   0.0 |      25 |       0 |   0.0
       D:10 |    1553 |    1778 |  53.4 |      21 |      23 |  52.3
     Lair:1 |    1337 |       0 |   0.0 |       7 |       0 |   0.0
     Lair:2 |    1422 |    2031 |  58.8 |       8 |      16 |  66.7
     Lair:3 |    4202 |       0 |   0.0 |      23 |       0 |   0.0
     Lair:4 |    6956 |       0 |   0.0 |      33 |       0 |   0.0
     Lair:5 |    8185 |     372 |   4.3 |      26 |       1 |   3.7
     Lair:6 |     558 |    2199 |  79.8 |       2 |       8 |  80.0
      Orc:1 |    1455 |       0 |   0.0 |      19 |       0 |   0.0
      Orc:2 |    4540 |     551 |  10.8 |      30 |       6 |  16.7
            +---------+---------+-------+---------+---------+-------
